 Dungeon Crawl Stone Soup version 0.29-a0-676-ga64570c9d2 (webtiles) character file.

Game seed: 1204790580458481056

2923 SkulltownNelly the Reanimator (level 9, -3/48 (58) HPs)
             Began as a Demonspawn Necromancer on June 25, 2022.
             Was an Initiate of Ashenzari.
             Slain by a wight
             ... wielding a +0 spear
              (9 damage)
             ... on level 7 of the Dungeon.
             The game lasted 00:23:39 (8445 turns).

SkulltownNelly the Reanimator (DsNe)                Turns: 8445, Time: 00:23:40

HP:   -3/48 (58)    AC:  2    Str:  7    XL:     9   Next: 50%
MP:   21/21         EV: 12    Int: 25    God:    Ashenzari [......]
Gold: 299           SH:  0    Dex: 13    Spells: 11/24 levels left

rFire   . . .      SeeInvis +   G - +4 whip (elec)
rCold   . . .      Faith    .   (no shield)
rNeg    . . .      Spirit   .   a - +0 robe "Enigmatic Doubts" {Bglg, Alch} (curse)
rPois   .          Reflect  .   (helmet restricted)
rElec   .          Harm     .   (no cloak)
rCorr   .          Rampage  .   (gloves unavailable)
Will    .....                   (no boots)
Stlth   ++........              (no amulet)
HPRegen 0.16/turn               L - ring of flight
MPRegen 0.34/turn               v - ring of see invisible

@: flying, heavily drained
A: foul stench 2, magic regeneration, demonic touch 3, beak, hooves 1, clever 1
a: Renounce Religion, Shatter the Chains


You were on level 7 of the Dungeon.
You worshipped Ashenzari.
Ashenzari was noncommittal.
You visited 1 branch of the dungeon, and saw 8 of its levels.

You collected 341 gold pieces.
You spent 42 gold pieces at shops.


Innate Abilities, Weirdness & Mutations

You sometimes emit foul miasma when damaged in melee.
You regenerate magic rapidly.
Your touch may irresistibly damage your foes and sap their willpower.
You have a beak for a mouth.
You have large cloven feet.
Your mind is acute. (Int +4, Str/Dex-1)


   Skills:
 + Level 0.7 Fighting
 - Level 1.8 Dodging
 - Level 1.7 Stealth
 - Level 8.0 Spellcasting
 + Level 11.9 Necromancy


You had 11 spell levels left.
You knew the following spells:

 Your Spells              Type           Power      Damage    Failure   Level
a - Necrotize             Necr           100%       1d9       1%          1
d - Animate Dead          Necr           62%        N/A       1%          4
v - Vampiric Draining     Necr           62%        2d10      1%          3
A - Agony                 Necr           62%        N/A       1%          5

Your spell library contained the following spells:

 Spells                   Type           Power      Damage    Failure   Level
 Magic Dart               Conj           40%        1d5       6%          1
 Call Imp                 Summ           10%        N/A       9%          2
 Mephitic Cloud           Conj/Pois/Air  10%        N/A       19%         3

Inventory:

Hand Weapons
 c - a +0 dagger
   (You took it off a goblin on level 1 of the Dungeon)
 y - the +3 whip of Pofal {flame, Fly}
   (You found it on level 3 of the Dungeon)

   It burns those it strikes, dealing additional fire damage.
   Fly:       It grants you flight.
 G - a +4 whip of electrocution (weapon)
   (You took it off a kobold on level 4 of the Dungeon)
Missiles
 p - 4 boomerangs
 u - 23 stones
 w - 13 poisoned darts
 F - a throwing net {=f!f}
Armour
 a - the cursed +0 robe "Enigmatic Doubts" (worn) {Bglg, Alch}

   It has a curse which improves the following skills: Beguiling: Conjurations,
   Hexes and Translocations.
   Alchemy:   Poison Magic and Transmutations.
 m - an orb of guile
   (You found it on level 2 of the Dungeon)
 n - a +0 chain mail
   (You found it on level 3 of the Dungeon)
 o - a +0 leather armour
   (You found it on level 3 of the Dungeon)
 r - a +0 robe
   (You took it off an orc wizard on level 3 of the Dungeon)
 s - a +0 robe
   (You took it off Jessica on level 3 of the Dungeon)
 t - a +0 robe
   (You took it off an orc wizard on level 3 of the Dungeon)
 z - a +0 scale mail
   (You took it off an orc on level 3 of the Dungeon)
 B - a +0 scale mail
   (You took it off a gnoll sergeant on level 4 of the Dungeon)
 D - a +0 ring mail
   (You found it on level 6 of the Dungeon)
 E - a +0 scale mail
   (You took it off an orc on level 4 of the Dungeon)
 H - a +0 robe
   (You took it off a wight on level 5 of the Dungeon)
 J - a +0 robe
   (You took it off a wight on level 5 of the Dungeon)
 K - a +0 robe
   (You took it off a wight on level 6 of the Dungeon)
 N - +0 acid dragon scales
   (You took it off a gnoll sergeant on level 6 of the Dungeon)
 P - a +0 leather armour
   (You took it off a gnoll shaman on level 6 of the Dungeon)
 R - a +0 scale mail
   (You found it on level 6 of the Dungeon)
 S - a +0 leather armour
   (You took it off Eustachio on level 6 of the Dungeon)
 T - a +0 ring mail
   (You took it off an orc on level 6 of the Dungeon)
Jewellery
 v - a ring of see invisible (right hand)
   (You found it on level 5 of the Dungeon)
 C - a ring of ice
   (You found it on level 4 of the Dungeon)
 L - a ring of flight (left hand)
   (You found it on level 2 of the Dungeon)
Wands
 f - a wand of paralysis (6)
   (You found it on level 6 of the Dungeon)
Scrolls
 e - a scroll of blinking {!r}
 h - a scroll of enchant armour
 M - a scroll of identify {@r1}
 O - a scroll of vulnerability {unknown}
Potions
 b - a potion of magic
 d - a potion of invisibility
 g - a potion of attraction {unknown}
 i - 2 potions of lignification {unknown}
 j - 2 potions of flight {unknown}
 k - a potion of brilliance {unknown}
 q - 2 potions of ambrosia {unknown}
 x - a potion of berserk rage {unknown}
 Q - a potion of mutation {!q}

Dungeon Overview and Level Annotations

Branches:
Dungeon (8/15) Zot: 26714  Temple (0/1) D:6
   Lair: D:8-11

Altars:
Ashenzari
Elyvilon

Shops:
D:5 [[(!:

Annotations:
D:4 2 runed translucent doors, happo123's ghost, amateur TrFi
D:6 3 runed translucent doors, Sobieck's ghost, novice DECj; chrisa4242's ghost, novice DsCK; happo123's ghost, novice GrEE; xian's ghost, novice OpCj

..... ###...
...... ..#......
.o.... ....#....
......##..##..#
.............#
.......<.....##
..............###
##.....[..#.....#
#...#...@........
.#. #...z.......#
.. #..g.z.....## .
#..g>........
.......z........
.....g##.##......
.......#>. .....#
...........##...##
........#.. ##...


You could see a gnoll sergeant, 3 wights, 2 gnolls and an orc (wandering).


Message History

* * * LOW HITPOINT WARNING * * *
😱 HP[-6]
You take 6 damage, and now have 2/51 hp.
Unknown command.
You feel better.
Your surroundings suddenly seem different.
A wight comes into view. It is wielding a +0 spear.
Found a stone staircase leading down.
The orc hits you with a +0 flail.
* * * LOW HITPOINT WARNING * * *
😱 HP[+3]
You regained 3 hp, and now have 5/51 hp.
Okay, then.
There is a stone staircase leading down here.
The orc hits you with a +0 flail.
* * * LOW HITPOINT WARNING * * *
You fly downwards.
There is a stone staircase leading up here. 😱 HP[-1]
You take 1 damage, and now have 4/51 hp.
Casting: Vampiric Draining (safe; 1% risk of failure)
Confirm with . or Enter, or press ? or * to list all spells.
Aiming: Vampiric Draining (safe; 1% risk of failure)
Press: ? - help, Shift-Dir - straight line, f - orc
Aim: an orc, wielding a +0 flail You draw life force from the orc!
You kill the orc!
You feel life coursing into your body. 😱 HP[+3] MP[-3]
You regained 3 hp, and now have 7/51 hp.
You lost 3 mp, and now have 18/21 mp.
You start resting. 😱 HP[+2] MP[+3]
You regained 2 hp, and now have 9/51 hp.
Your mp is fully restored (21).
You start resting. 😎 HP[+42]
Your hp is fully restored (51).
You see here a +0 flail.
A yak comes into view.
Okay, then.
Casting: Vampiric Draining (safe; 1% risk of failure)
Confirm with . or Enter, or press ? or * to list all spells.
Okay, then.
This spell is dangerous to cast!
Memorise Agony, consuming 5 spell levels and leaving 11?
You start memorising the spell.
You continue memorising. x5
You finish memorising.
Spell assigned to 'A'.
Okay, then.
The yak bellows!
You can't see any susceptible monsters within range! (Use Z to cast anyway.)
A yak comes into view.
The yak bellows!
You hear a bellow!
A yak comes into view.
The yak barely resists.
The yak bellows! 😎 MP[-1]
You lost 1 mp, and now have 20/21 mp.
Casting: Necrotize (safe; 1% risk of failure)
Confirm with . or Enter, or press ? or * to list all spells.
Okay, then. 😎 MP[+1]
Your mp is fully restored (21).
You see here a +0 flail.
There is a stone staircase leading up here.
You fly upwards.
The wight hits you with a +2 dagger of freezing!
The wight freezes you.
The wight hits you with a +2 dagger of freezing.
You feel drained. The wight freezes you.
The gnoll hits you from afar with a +0 spear.
* * * LOW HITPOINT WARNING * * *
There is a stone staircase leading down, spattered with blood here. 😨 HP[-26]
You now have 50 max hp (-1).
You take 26 damage, and now have 25/50 hp.
MASSIVE DAMAGE!! (PAUSE)
The wight attacks as you move away!
The wight hits you with a +2 dagger of freezing.
* * * LOW HITPOINT WARNING * * *
You feel drained. The wight freezes you.
* * * LOW HITPOINT WARNING * * *
You emit a cloud of foul miasma!
The wight hits you with a +0 spear!
* * * LOW HITPOINT WARNING * * *
You feel drained.
* * * LOW HITPOINT WARNING * * *
😨 HP[-10]
You now have 48 max hp (-2).
You take 10 damage, and now have 15/48 hp.
MASSIVE DAMAGE!! (PAUSE)
The wight attacks as you move away! The wight closely misses you.
The wight hits you with a +0 spear!
* * * LOW HITPOINT WARNING * * *
You emit a cloud of foul miasma!
The gnoll barely misses you. 😱 HP[-9]
You take 9 damage, and now have 6/48 hp.
Unknown command.
The wight hits you with a +0 spear!
You die...

Skill      XL: |  1  2  3  4  5  6  7  8  9 |
---------------+----------------------------+-----
Spellcasting   | 3 4 5 6 8 |  8.0
Necromancy     | 5 7 8 10 11 | 11.9
Fighting       | |  0.7
Dodging        | |  1.8
Stealth        | |  1.7

Action                   |  1- 3 |  4- 6 |  7- 9 || total
-------------------------+-------+-------+-------++-------
Melee: Unarmed           |     3 |       |       ||     3
       Dagger            |    28 |       |       ||    28
       Peck              |     3 |       |    11 ||    14
       Kick              |     4 |       |     9 ||    13
       Whip              |       |     1 |    45 ||    46
       Touch             |       |     1 |     8 ||     9
       Punch             |       |       |     1 ||     1
Throw: Boomerang         |       |     1 |     7 ||     8
       Dart              |       |     5 |       ||     5
 Cast: Necrotize         |    72 |    96 |   104 ||   272
       Vampiric Draining |       |     2 |    37 ||    39
       Animate Dead      |       |       |     7 ||     7
Invok: Curse Item        |       |       |     1 ||     1
Evoke: Wand              |       |       |     2 ||     2
  Use: Scroll            |     2 |     1 |     9 ||    12
       Potion            |     1 |       |     4 ||     5
Armor: Robe              |    13 |     1 |    13 ||    27
Dodge: Dodged            |    42 |    19 |    62 ||   123

Levels and vault maps discovered:
D:1:      psy_arrival_spokes, layout_rooms,
          shapermc_ecumenical_altar_mp_highgroup, chequers_serial_rivers_room_b,
          minmay_cut_off
D:2:      layout_basic, serial_glass, glass_columns_b, glass_columns_b,
          minmay_strange_pillars
D:3:      layout_loops_cross, mainiacjoe_overflow_boulevard, minmay_box_of_dots,
          uniq_jessica
D:4:      layout_rooms, ebering_ghost_disaster_area, uniq_natasha
D:5:      layout_loops_ring, general_overflow_altar, serial_shops,
          nicolae_lakefront_shop, shop, shop, nicolae_lakefront_shop, shop
D:6:      layout_basic, minmay_temple_entry_arrows, gammafunk_ghost_cemetery,
          minmay_fractal_squares_5, uniq_eustachio
D:7:      layout_cave_pools
D:8:      layout_basic, serial_demonic, serial_demonic_b, serial_demonic_a,
          serial_demonic_g, serial_demonic_g, serial_shops,
          nicolae_shop_behind_doors

Notes
Turn   | Place    | Note
-------+----------+-------------------------------------------
     0 | D:1      | SkulltownNelly the Demonspawn Necromancer began the quest
                  | for the Orb.
     0 | D:1      | Reached XP level 1. HP: 13/13 MP: 3/3
   340 | D:1      | Gained mutation: You may rarely emit foul miasma when
                  | damaged in melee. [demonic ancestry]
   340 | D:1      | Reached XP level 2. HP: 20/20 MP: 1/5
   516 | D:1      | Gained mutation: Your mind is acute. (Int +4, Str/Dex-1)
                  | [potion of mutation]
   516 | D:1      | Gained mutation: You have large cloven feet. [potion of
                  | mutation]
   516 | D:1      | Gained mutation: You have a beak for a mouth. [potion of
                  | mutation]
   524 | D:1      | Reached skill level 3 in Spellcasting
   709 | D:1      | Gained mutation: You sometimes emit foul miasma when
                  | damaged in melee. [demonic ancestry]
   709 | D:1      | Reached XP level 3. HP: 20/25 MP: 4/7
   864 | D:1      | Found a faded altar of an unknown god.
  1156 | D:1      | magus.rc [v1.11.3]
  1429 | D:1      | Learned a level 3 spell: Vampiric Draining
  2263 | D:3      | Reached XP level 4. HP: 31/31 MP: 7/9
  2384 | D:3      | Noticed a scorpion
  2391 | D:3      | Killed a scorpion
  2392 | D:3      | Reached skill level 4 in Spellcasting
  2707 | D:3      | Noticed Jessica
  2715 | D:3      | Killed Jessica
  2716 | D:3      | Gained mutation: You regenerate magic rapidly. [demonic
                  | ancestry]
  2716 | D:3      | Reached XP level 5. HP: 36/36 MP: 8/12
  2736 | D:3      | Reached skill level 5 in Spellcasting
  2741 | D:3      | Reached skill level 5 in Necromancy
  3130 | D:3      | Identified the +3 whip of Pofal {flame, Fly}
  3282 | D:4      | Noticed an ogre
  3402 | D:4      | Gained mutation: Your touch may inflict minor irresistible
                  | damage on your foes. [demonic ancestry]
  3402 | D:4      | Reached XP level 6. HP: 42/42 MP: 9/13
  3415 | D:4      | Reached skill level 6 in Necromancy
  3625 | D:4      | Reached skill level 7 in Necromancy
  3625 | D:4      | Gained mutation: Your touch may inflict irresistible damage
                  | on your foes. [demonic ancestry]
  3625 | D:4      | Reached XP level 7. HP: 39/47 MP: 6/14
  3995 | D:4      | Learned a level 4 spell: Animate Dead
  4088 | D:4      | Noticed Natasha
  4093 | D:4      | Killed Natasha
  4153 | D:4      | Found a large runed translucent door.
  4154 | D:4      | Found a large runed translucent door.
  4159 | D:4      | Reached skill level 8 in Necromancy
  4168 | D:4      | Noticed happo123's ghost (amateur TrFi)
  4231 | D:4      | Noticed Natasha
  4243 | D:4      | Killed Natasha
  4247 | D:4      | Noticed Natasha
  4253 | D:4      | Killed Natasha
  4618 | D:5      | Entered Level 5 of the Dungeon
  4653 | D:5      | Found Vyraadopt's Distillery.
  4661 | D:5      | Bought a potion of curing for 42 gold pieces
  4769 | D:5      | Reached skill level 6 in Spellcasting
  4776 | D:5      | Found Giucon's Antique Weapon Emporium.
  4777 | D:5      | Found Qiffac's Armour Boutique.
  4868 | D:5      | Found Tethasuc's Armour Shop.
  4973 | D:5      | Found Tadghaok's Book Shop.
  5011 | D:5      | Found a broken altar of Ashenzari.
  5360 | D:5      | Became a worshipper of Ashenzari the Shackled
  5443 | D:5      | Reached XP level 8. HP: 45/53 MP: 11/17
  5552 | D:6      | Reached skill level 7 in Spellcasting
  5609 | D:6      | Reached skill level 8 in Spellcasting
  6079 | D:6      | Reached skill level 9 in Necromancy
  6564 | D:6      | Reached skill level 10 in Necromancy
  6564 | D:6      | Gained mutation: Your touch may irresistibly damage your
                  | foes and sap their willpower. [demonic ancestry]
  6564 | D:6      | Reached XP level 9. HP: 32/58 MP: 13/21
  6705 | D:6      | Found a staircase to the Ecumenical Temple.
  6795 | D:6      | Found a runed translucent gate.
  6796 | D:6      | Found a runed translucent gate.
  6807 | D:6      | Found a runed translucent gate.
  6809 | D:6      | Noticed happo123's ghost (novice GrEE)
  6809 | D:6      | Noticed chrisa4242's ghost (novice DsCK)
  6810 | D:6      | Noticed xian's ghost (novice OpCj)
  6811 | D:6      | Noticed Sobieck's ghost (novice DECj)
  7283 | D:6      | Noticed a cyclops
  7297 | D:6      | Killed a cyclops
  7298 | D:6      | Reached skill level 11 in Necromancy
  7362 | D:6      | Noticed Eustachio
  7388 | D:6      | Killed Eustachio
  8149 | D:7      | HP: 11/53 [wight/+0 short sword (5)]
  8150 | D:7      | HP: 5/53 [wight/+0 short sword (6)]
  8155 | D:7      | HP: 5/52 [wight/+0 short sword (2)]
  8157 | D:7      | HP: 2/51 [wight/+0 short sword (6)]
  8431 | D:8      | Learned a level 5 spell: Agony
  8444 | D:7      | HP: 6/48 [wight/+0 spear (9)]
  8445 | D:7      | Slain by a wight

Vanquished Creatures
  A cyclops (D:6)
  A wraith (D:6)
  A wyvern (D:6)
  Eustachio (D:6)
  A sky beast (D:6)
  2 ogres
  A centaur (D:5)
  3 necrophages
  2 gnoll sergeants
  3 scorpions
  3 wights
  A gnoll shaman (D:6)
  6 hounds
  A jelly (D:6)
  2 orc priests
  2 iguanas (D:6)
  Jessica (D:3)
  2 orc wizards (D:3)
  Natasha (thrice) (D:4)
  12 gnolls
  6 adders
  An ufetubus (D:6)
  2 worms
  4 dart slugs
  12 orcs
  9 endoplasms
  4 giant cockroaches
  10 goblins
  9 hobgoblins
  5 jackals (D:1)
  2 kobolds
  7 quokkas
  4 ball pythons
  5 bats
  4 frilled lizards (D:1)
  5 rats (D:1)
138 creatures vanquished.

Vanquished Creatures (collateral kills)
  A wraith (D:6)
  A black bear (D:6)
  An ice beast (D:6)
  A hound (D:5)
  An iguana (D:6)
  A gnoll (D:6)
  A dart slug (D:1)
  An orc (D:4)
  4 endoplasms
  A hobgoblin (D:1)
  A kobold (D:3)
14 creatures vanquished.

Vanquished Creatures (others)
  A black bear zombie (D:6)
  A sky beast zombie (D:6)
  An ogre zombie (D:6)
  2 hound zombies (D:6)
  6 gnoll zombies (D:6)
  An orc zombie (D:7)
12 creatures vanquished.

Grand Total: 164 creatures vanquished

Table legend:
 A = Non-vault XP
 B = Vault XP
 C = Vault XP percentage of total XP
 D = Non-vault monster count
 E = Vault monster count
 F = Vault count percentage of total count
                 A         B        C        D         E       F
            +---------+---------+-------+---------+---------+-------
      Total |    3130 |    1047 |  25.1 |     132 |      20 |  13.2
            +---------+---------+-------+---------+---------+-------
        D:1 |      63 |       7 |  10.0 |      36 |       4 |  10.0
        D:2 |      23 |       0 |   0.0 |       9 |       0 |   0.0
        D:3 |     209 |      59 |  22.0 |      21 |       5 |  19.2
        D:4 |     675 |      33 |   4.7 |      32 |       1 |   3.0
        D:5 |     370 |      88 |  19.2 |       8 |       1 |  11.1
        D:6 |    1784 |     860 |  32.5 |      24 |       9 |  27.3
        D:7 |       3 |       0 |   0.0 |       1 |       0 |   0.0
        D:8 |       3 |       0 |   0.0 |       1 |       0 |   0.0
            +---------+---------+-------+---------+---------+-------

Illustrated notes

Table legend:
 A = Kills in this place as a percentage of kills in entire the game.
 B = Kills by you in this place as a percentage of kills by you in the entire game.
 C = Kills by friends in this place as a percentage of kills by friends in the entire game.
 D = Other kills in this place as a percentage of other kills in the entire game.
 E = Experience gained in this place as a percentage of experience gained in the entire game.
 F = Experience gained in this place divided by the number of levels of this place that you have seen.
                   A       B       C       D       E      F
               +-------+-------+-------+-------+-------+----------------------
         Total | 100.0 | 100.0 | 100.0 |   N/A | 100.0 | 522.1
       Dungeon | 100.0 | 100.0 | 100.0 |   N/A | 100.0 | 522.1
               +-------+-------+-------+-------+-------+----------------------

Table legend: (Time is in decaauts)
 A = Elapsed time spent in this place.
 B = Non-inter-level travel time spent in this place.
 C = Inter-level travel time spent in this place.
 D = Time resting spent in this place.
 E = Time spent auto-exploring this place.
 F = Levels seen in this place.
 G = Mean time per level.
                   A        B        C        D        E       F      G
               +--------+--------+--------+--------+--------+-----+--------+
         Total |   8482 |   8170 |    312 |   1617 |   5037 |   8 | 1060.2 |
       Dungeon |   8482 |   8170 |    312 |   1617 |   5037 |   8 | 1060.2 |
               +--------+--------+--------+--------+--------+-----+--------+

Top non-repeatable levels by time:
     D:6: 2324 daAuts
     D:1: 1449 daAuts
     D:3: 1355 daAuts
     D:5: 1212 daAuts
     D:4: 1098 daAuts
     D:2: 726 daAuts
     D:8: 280 daAuts
     D:7: 33 daAuts
